 Dungeon Crawl Stone Soup version 0.21.0-3-g78d12a8bdd (webtiles) character file.

2979 BrokenGlass the Grappler (level 9, -1/56 HPs)
             Began as an Octopode Fighter on Jan 13, 2018.
             Killed by static electricity
             ... invoked by IsvaffelMax's ghost
              (10 damage)
             ... on level 7 of the Dungeon.
             The game lasted 00:13:26 (8795 turns).

BrokenGlass the Grappler (Octopode Fighter)         Turns: 8795, Time: 00:13:27

Health: -1/56      AC:  1    Str: 22    XL:     9   Next: 82%
Magic:  9/9        EV: 16    Int: 10    God:
Gold:   285        SH:  0    Dex: 12    Spells: 8/8 levels left

rFire    . . .     SeeInvis .     - Unarmed
rCold    . . .     Gourm    .   (no shield)
rNeg     . . .     Faith    .   (helmet restricted)
rPois    .         Spirit   .   (no amulet)
rElec    .         Reflect  .   x - ring of wizardry
rCorr    .         Harm     .   t - +4 ring of strength
MR       +....     Rnd*Tele +   r - ring of protection from magic
Stlth    ++........             B - ring of teleportation (curse)
HPRegen  0.18/turn              (no ring)
MPRegen  0.11/turn              (no ring)
                                (no ring)
                                (no ring)

@: no status effects
A: almost no armour, stealthy swim, amphibious, 8 rings, constrict 8, repulsion
field 1, camouflage 1, high mp 1, screaming 1, gelatinous body 1
a: no special abilities


You were on level 7 of the Dungeon.
You were hungry.

You visited 1 branch of the dungeon, and saw 7 of its levels.
You also visited: Sewer and Ossuary.

You collected 363 gold pieces.
You spent 78 gold pieces at shops.

Inventory:

Missiles
 o - 94 bolts
 C - 7 steel javelins (quivered)
Armour
 a - a +0 shield
Jewellery
 r - a ring of protection from magic (on tentacle)
 t - a +4 ring of strength (right tentacle)
 x - a ring of wizardry (left tentacle)
 B - a cursed ring of teleportation (on tentacle)
Wands
 v - a wand of iceblast (3)
Scrolls
 g - a scroll of enchant weapon {unknown}
 i - 7 scrolls of teleportation
 k - 2 scrolls of magic mapping {unknown}
 l - 2 scrolls of fog
 m - 2 scrolls of noise
 n - 2 scrolls of enchant armour {unknown}
 s - 3 scrolls of amnesia {unknown}
 u - 5 scrolls of fear
 y - a scroll of immolation {unknown}
 E - 2 scrolls of random uselessness {unknown}
Potions
 b - 2 potions of might
 d - 2 potions of heal wounds
 e - 5 potions of lignification
 h - 3 potions of agility
 j - 5 potions of haste
 p - 3 potions of brilliance
 q - 4 potions of flight
 w - 2 potions of berserk rage {unknown}
 z - 2 potions of invisibility
 D - 4 potions of magic
Books
 f - a book of Flames

   Spells                             Type                      Level
   a - Flame Tongue                   Conjuration/Fire             1
   b - Throw Flame                    Conjuration/Fire             2
   c - Conjure Flame                  Conjuration/Fire             3
   d - Inner Flame                    Hexes/Fire                   3
   e - Sticky Flame                   Conjuration/Fire             4
   f - Fireball                       Conjuration/Fire             5
 A - a book of Minor Magic

   Spells                             Type                      Level
   a - Magic Dart                     Conjuration                  1
   b - Blink                          Translocation                2
   c - Call Imp                       Summoning                    2
   d - Slow                           Hexes                        2
   e - Conjure Flame                  Conjuration/Fire             3
   f - Mephitic Cloud                 Conjuration/Poison/Air       3
Comestibles
 c - 9 rations


   Skills:
 - Level 3.0 Fighting
 - Level 3.0 Dodging
 - Level 3.0 Shields
 + Level 13.0 Unarmed Combat


You had 8 spell levels left.
You didn't know any spells.

Dungeon Overview and Level Annotations

Branches:
Dungeon (7/15)
 Temple: D:4-7

Altars:
Trog
Yredelemnul

Shops:
D:7 ?

Annotations:
D:6 zkobry's ghost, novice GnFi
D:7 IsvaffelMax's ghost, novice KoAE


Innate Abilities, Weirdness & Mutations

You cannot wear most types of armour.
You are very stealthy in the water. (Stealth+)
You are amphibious.
You can wear up to eight rings at the same time.
You can use your tentacles to constrict eight enemies at once.
Your skin changes colour to match your surroundings (Stealth+).
Your rubbery body absorbs attacks. (AC +1, EV +1)
You are surrounded by a mild repulsion field. (EV +2)
You have an increased reservoir of magic. (+10% MP)
You occasionally shout uncontrollably at your foes.


Message History

Unknown command.
You start resting.
A bullfrog skeleton comes into view.
The bullfrog skeleton moves out of view.
You start resting.
An electric eel comes into view.
You start resting.
An electric eel comes into view.
There is an open door here.
You start resting.
You are suddenly yanked towards a nearby monster!
Your surroundings suddenly seem different.
IsvaffelMax's ghost gestures at you while chanting.
The bolt of lightning hits you!
IsvaffelMax's ghost gestures at you while chanting.
The zap hits you!
* * * LOW HITPOINT WARNING * * *
IsvaffelMax's ghost mumbles some strange words.
You are struck by lightning.
You die...

.#.# #...............#.#
.#.#######.)###........#
.#..........)..........#
##########..##.........#
# ......#.........# #
####.###.........# #
....#....#....# ###
##.#.#.........# ..#
#.#.###@W##...# ..#
#.#....)[.#...# ..#
#.#...........## ≈≈##
#.#............# ≈♣≈##
#.#..#[.....#..#
≈≈≈P######.#............#
♣†≈♣♣...............###.#
≈≈≈P≈.##########.#..#
#.###### ≈≈♣P≈≈...#
#[#..# #......#


You could see IsvaffelMax's ghost.

Vanquished Creatures
  Pikel (D:7)
  A hippogriff (D:5)
  Sigmund (D:3)
  A wraith (Ossuary)
  3 slaves (D:7)
  An ice beast (D:5)
  An orc warrior (D:6)
  A phantom (D:4)
  A sky beast (D:5)
  2 ogres (D:4)
  A necrophage (D:7)
  A centaur (D:5)
  The ghost of jehirs the Magician, an amateur DEWr (D:3)
  4 bullfrogs
  A scorpion (D:7)
  An electric eel (D:7)
  A howler monkey (D:4)
  A crimson imp (D:5)
  A quasit (D:6)
  A jelly (D:7)
  2 hounds (D:5)
  An orc priest (D:6)
  3 orc wizards
  Jessica (D:2)
  Natasha (D:2)
  4 worker ants
  2 hound skeletons (D:5)
  3 mummies (Ossuary)
  A worker ant zombie (D:5)
  Robin (D:2)
  13 adders
  3 gnolls (D:3)
  3 river rats (Sewer)
  A shadow imp (D:5)
  3 oozes
  An adder zombie (D:5)
  An adder skeleton (D:4)
  3 worms
  3 dart slugs
  3 leopard geckos
  14 orcs
  7 bats
  10 giant cockroaches
  16 goblins
  7 hobgoblins
  14 jackals
  3 quokkas
  13 ball pythons
  10 frilled lizards
  6 goblin zombies (Ossuary)
  3 hobgoblin zombies (Ossuary)
  6 kobolds
  3 kobold zombies (Ossuary)
  3 leopard gecko skeletons
  A quokka skeleton (D:5)
  A quokka zombie (D:5)
  32 rats
228 creatures vanquished.

Notes
Turn   | Place    | Note
-------+----------+-------------------------------------------
     0 | D:1      | BrokenGlass the Octopode Fighter began the quest for the Orb.
     0 | D:1      | Reached XP level 1. HP: 16/16 MP: 1/1
   108 | D:1      | Reached XP level 2. HP: 20/21 MP: 2/2
   323 | D:1      | Reached skill level 3 in Unarmed Combat
   542 | D:1      | Reached XP level 3. HP: 26/26 MP: 3/3
  1012 | D:2      | Noticed Robin
  1014 | D:2      | Noticed Jessica
  1314 | D:2      | Killed Jessica
  1314 | D:2      | Reached skill level 4 in Unarmed Combat
  1314 | D:2      | Reached XP level 4. HP: 18/31 MP: 4/4
  1606 | D:2      | Killed Robin
  1820 | D:2      | Noticed Natasha
  1824 | D:2      | Killed Natasha
  1824 | D:2      | Reached skill level 5 in Unarmed Combat
  1824 | D:2      | Reached XP level 5. HP: 29/36 MP: 5/5
  2402 | D:3      | Noticed jehirs's ghost (amateur DEWr)
  2473 | D:3      | Killed jehirs's ghost
  2473 | D:3      | Reached skill level 6 in Unarmed Combat
  2473 | D:3      | Reached XP level 6. HP: 25/42 MP: 6/6
  2865 | D:3      | Noticed Sigmund
  3247 | D:3      | Killed Sigmund
  3247 | D:3      | Reached skill level 7 in Unarmed Combat
  3316 | D:3      | Found a bloodstained altar of Trog.
  3396 | D:4      | Noticed a phantom
  3618 | D:4      | Killed a phantom
  3618 | D:4      | Reached XP level 7. HP: 27/46 MP: 7/7
  3838 | D:4      | Reached skill level 8 in Unarmed Combat
  4460 | D:5      | Entered Level 5 of the Dungeon
  4717 | D:5      | Found a basalt altar of Yredelemnul.
  4740 | D:5      | Noticed a hippogriff
  4746 | D:5      | Killed a hippogriff
  4746 | D:5      | Reached skill level 9 in Unarmed Combat
  4746 | D:5      | Reached XP level 8. HP: 52/52 MP: 8/8
  5261 | D:5      | Reached skill level 10 in Unarmed Combat
  6171 | D:6      | Found a sand-covered staircase.
  6176 | Ossuary  | Entered an ossuary
  6176 | Ossuary  | Noticed a wraith
  6176 | Ossuary  | Noticed a wraith
  6176 | Ossuary  | Noticed a wraith
  6375 | Ossuary  | Noticed a wraith
  6381 | Ossuary  | Killed a wraith
  6381 | Ossuary  | Reached skill level 11 in Unarmed Combat
  6381 | Ossuary  | Reached XP level 9. HP: 36/56 MP: 9/9
  6565 | D:6      | Found a glowing drain.
  6576 | Sewer    | Entered a sewer
  7411 | D:6      | Noticed zkobry's ghost (novice GnFi)
  7701 | D:7      | Noticed IsvaffelMax's ghost (novice KoAE)
  7773 | D:7      | Noticed Pikel
  7785 | D:7      | Killed Pikel
  7785 | D:7      | Reached skill level 12 in Unarmed Combat
  7986 | D:7      | Found Saob's Magic Scroll Emporium.
  8000 | D:7      | Bought 2 scrolls of identify for 52 gold pieces
  8002 | D:7      | Bought a scroll of identify for 26 gold pieces
  8003 | D:7      | Gained mutation: You occasionally shout uncontrollably at your foes. [potion of mutation]
  8003 | D:7      | Gained mutation: You have an increased reservoir of magic. (+10% MP) [potion of mutation]
  8003 | D:7      | Gained mutation: One of your tentacles bears a spike. [potion of mutation]
  8004 | D:7      | Lost mutation: One of your tentacles bears a spike. [potion of mutation]
  8004 | D:7      | Gained mutation: You have a pair of small antennae on your head. [potion of mutation]
  8004 | D:7      | Lost mutation: You have a pair of small antennae on your head. [potion of mutation]
  8004 | D:7      | Gained mutation: You are surrounded by a mild repulsion field. (EV +2) [potion of mutation]
  8621 | D:7      | Reached skill level 13 in Unarmed Combat
  8795 | D:7      | Killed from afar by IsvaffelMax's ghost

Skill      XL: |  1  2  3  4  5  6  7  8  9 |
---------------+----------------------------+-----
Unarmed Combat | 3 4 5 6 7 9 11 13 | 13.0
Fighting       | |  3.0
Dodging        | |  3.0
Shields        | |  3.0

Action                   |  1- 3 |  4- 6 |  7- 9 || total
-------------------------+-------+-------+-------++-------
Melee: Unarmed           |    67 |   122 |   300 ||   489
       Constrict         |    24 |    21 |    54 ||    99
       Tentacles         |    13 |    22 |    64 ||    99
       Punch             |     1 |     2 |    19 ||    22
Evoke: Wand              |       |       |     3 ||     3
  Use: Scroll            |       |       |    12 ||    12
       Potion            |       |       |     5 ||     5
 Stab: Sleeping          |     7 |     4 |    14 ||    25
       Distracted        |       |       |     2 ||     2
  Eat: Chunk             |       |     8 |     9 ||    17
       Ration            |       |       |     2 ||     2
Armor: Skin              |     4 |     6 |    48 ||    58
Dodge: Dodged            |    66 |    74 |   151 ||   291
